 Dungeon Crawl Stone Soup version 0.31.0-12-g77e489cdc1 (webtiles) character file.

Game seed: 1534226819186257697

17 Arctor the Firebug (level 2, -1/15 HPs)
             Began as a Deep Elf Fire Elementalist on Feb 14, 2024.
             Slain by Natasha (6 damage)
             ... on level 2 of the Dungeon.
             The game lasted 00:01:10 (1164 turns).

Arctor the Firebug (Deep Elf Fire Elementalist)     Turns: 1164, Time: 00:01:11

Health: -1/15      AC:  2    Str:  5    XL:     2   Next: 44%
Magic:  1/8        EV: 12    Int: 19    God:
Gold:   65         SH:  6    Dex: 15    Spells: 6/7 levels left

rFire   . . .        (no weapon)
rCold   . . .        d - +2 buckler
rNeg    . . .        a - +0 robe
rPois   .            (no helmet)
rElec   .            (no cloak)
rCorr   .            (no gloves)
SInv    .            (no boots)
Will    .....        (no amulet)
Stlth   ++           (no ring)
HPRegen 0.22/turn    (no ring)
MPRegen 0.11/turn

%: no passive effects
@: very slightly contaminated
A: no striking features
a: no special abilities


You were on level 2 of the Dungeon.
You visited 1 branch of the dungeon, and saw 2 of its levels.

You collected 65 gold pieces.

Inventory:

Missiles
 h - a throwing net
Armour
 a - a +0 robe (worn)
 d - a +2 buckler (worn)
 i - a +0 helmet
Scrolls
 f - a scroll of identify {unknown}
Potions
 b - a potion of magic
 c - 2 potions of heal wounds {unknown}
 e - a potion of cancellation {unknown}
 g - a potion of mutation {unknown}


   Skills:
 + Level 2.7 Dodging
 + Level 2.8 Stealth
 + Level 3.3 Spellcasting
 + Level 1.5 Conjurations
 + Level 3.5 Fire Magic


You had 6 spell levels left.
You knew the following spells:

 Your Spells              Type           Power      Damage    Failure   Level
a - Foxfire               Conj/Fire      48%        2x1d6     10%         1

Your spell library contained the following spells:

 Spells                   Type           Power      Damage    Failure   Level
 Scorch                   Fire           32%        2d6       10%         2
 Summon Small Mammal      Summ           12%        N/A       28%         1
 Inner Flame              Hex/Fire       9%         N/A       38%         3
 Volatile Blastmotes      Fire/Tloc      18%        2d11      38%         3
 Call Canine Familiar     Summ           3%         N/A       65%         3
 Flame Wave               Conj/Fire      12%        2d6       69%         4
 Summon Blazeheart Golem  Fire/Summ      9%         N/A       80%         4


Dungeon Overview and Level Annotations

Branches:
Dungeon (2/15)

Altars:

Annotations:
D:2 Natasha


Message History

Your magical contamination has completely faded away.
You see here a +0 helmet.
i - a +0 helmet The cerulean imp hits you from afar with a +0 spear.
Casting: Foxfire (safe; 10% risk of failure)
Confirm with . or Enter, or press ? or * to list all spells.
You don't know that spell.
The cerulean imp attacks as it pursues you!
The cerulean imp closely misses you.
The cerulean imp attacks as it pursues you!
The cerulean imp hits you from afar with a +1 spear.
Natasha casts a spell.
Casting: Foxfire (safe; 10% risk of failure)
Confirm with . or Enter, or press ? or * to list all spells.
You conjure some foxfire!
The cerulean imp hits you but does no damage.
You block the cerulean imp's attack. The cerulean imp closely misses you.
The cerulean imp disappears in a puff of smoke!
The foxfire hits Natasha.
Natasha is lightly wounded.
The foxfire hits Natasha.
Natasha is moderately wounded.
The cerulean imp attacks as it pursues you!
The cerulean imp barely misses you.
The cerulean imp hits you from afar with a +1 spear.
Casting: Foxfire (safe; 10% risk of failure)
Confirm with . or Enter, or press ? or * to list all spells.
You conjure some foxfire!
Natasha closely misses you.
The cerulean imp hits you from afar with a +1 spear.
* * * LOW HITPOINT WARNING * * *
Your foxfire dissipates!
The foxfire hits Natasha.
Natasha is heavily wounded.
Casting: Foxfire (safe; 10% risk of failure)
Confirm with . or Enter, or press ? or * to list all spells.
You miscast Foxfire.
You are very lightly contaminated with residual magic.
Nothing appears to happen.
Natasha claws you.
You die...
Natasha curls up and begins to purr.

#.# #.# #...# #.## #...# .
#.. #...# .. #.# #...#
..#############.##ยง####
+...+ ..............$.....>
#...# #.####......#######.
#...# #..@h#......# #..<#
#....55.....#
###.#########..%...######
#.........[......#.##
#.....##............#
#.....##............########
#.....##.....^.............##
#.....##.....................
#.....##.....................


You could see Natasha and 2 cerulean imps.

Vanquished Creatures
  7 bats
  An endoplasm (D:2)
  2 goblins (D:1)
  A hobgoblin (D:1)
  A ball python (D:1)
  3 kobolds (D:1)
  A rat (D:1)
16 creatures vanquished.

Vanquished Creatures (others)
  108 foxfires
108 creatures vanquished.

Grand Total: 124 creatures vanquished

Notes
Turn   | Place    | Note
-------+----------+-------------------------------------------
     0 | D:1      | Arctor the Deep Elf Fire Elementalist began the quest for
                  | the Orb.
     0 | D:1      | Reached XP level 1. HP: 10/10 MP: 6/6
   610 | D:1      | Reached XP level 2. HP: 15/15 MP: 5/8
  1140 | D:2      | Noticed Natasha
  1164 | D:2      | Slain by Natasha

Illustrated notes

Levels and vault maps discovered:
D:1:      dpeg_arrival_rhombi, layout_rooms, minmay_tree_intersection,
          nicolae_concentric_dashed_squares_mild, chequers_jeans
D:2:      layout_basic, uniq_natasha

Action                     || total
---------------------------++-------
   Cast: Foxfire           ||    62
 Armour: Robe              ||     7
  Dodge: Dodged            ||     8
  Block: Buckler           ||     4
